[ PARTIDA AOE2 · #494231933 ]
UnrankedEtíopes vs Burmese
Equipo del jugador · DERR
[ ANÁLISIS DE REPETICIÓN · EXTRAÍDO DE LA PARTIDA GRABADA ]
Feudal
16:08
Castillos
36:23
Imperial
55:50
| APM promedio | 11.4 |
| APM pico | 35 |
| eAPM promedio | 6.5 |
| Aldeanos / militares | 100 / 153 |
Foco
⚔️ 40.5% · 🌾 59.5%
Archer ×130 · Shotel Warrior ×19 · Spearman ×4 · Trade Cart ×3
Feudal
15:32
Castillos
23:15
Imperial
50:52
| APM promedio | 21.5 |
| APM pico | 50 |
| eAPM promedio | 15.0 |
| Aldeanos / militares | 162 / 791 |
Foco
⚔️ 42.0% · 🌾 58.0%
Serjeant ×455 · Spearman ×278 · Knight ×30 · Militia ×23 · Trade Cart ×20 · Scout Cavalry ×4
Feudal
14:15
Castillos
23:41
Imperial
44:09
| APM promedio | 33.5 |
| APM pico | 82 |
| eAPM promedio | 19.6 |
| Aldeanos / militares | 151 / 523 |
Foco
⚔️ 33.9% · 🌾 66.1%
Spearman ×420 · Battle Elephant ×85 · Mangonel ×8 · Militia ×5 · Scout Cavalry ×5
Feudal
12:53
Castillos
25:27
Imperial
43:27
| APM promedio | 30.5 |
| APM pico | 111 |
| eAPM promedio | 16.0 |
| Aldeanos / militares | 89 / 491 |
Foco
⚔️ 59.9% · 🌾 40.1%
Spearman ×263 · Longbowman ×205 · Trebuchet (Packed) ×13 · Trade Cart ×6 · Battering Ram ×5 · Scout Cavalry ×4
Feudal
19:23
Castillos
29:08
Imperial
35:38
| APM promedio | 24.0 |
| APM pico | 69 |
| eAPM promedio | 13.7 |
| Aldeanos / militares | 156 / 852 |
Foco
⚔️ 45.0% · 🌾 55.0%
Knight ×836 · Scout Cavalry ×15 · Monk ×1
Feudal
14:54
Castillos
28:43
Imperial
—
| APM promedio | 13.5 |
| APM pico | 34 |
| eAPM promedio | 7.3 |
| Aldeanos / militares | 103 / 255 |
Foco
⚔️ 35.2% · 🌾 64.8%
Spearman ×130 · Militia ×49 · Skirmisher ×45 · Composite Bowman ×30 · Trade Cart ×5 · Monk ×1
Feudal
14:45
Castillos
25:13
Imperial
41:06
| APM promedio | 17.9 |
| APM pico | 48 |
| eAPM promedio | 9.8 |
| Aldeanos / militares | 102 / 315 |
Foco
⚔️ 39.8% · 🌾 60.2%
Archer ×161 · Spearman ×103 · Skirmisher ×20 · Scout Cavalry ×16 · Bombard Cannon ×9 · Armored Elephant ×6
Feudal
17:17
Castillos
43:02
Imperial
62:12
| APM promedio | 29.6 |
| APM pico | 166 |
| eAPM promedio | 14.6 |
| Aldeanos / militares | 136 / 192 |
Foco
⚔️ 38.6% · 🌾 61.4%
Skirmisher ×173 · Trade Cart ×24 · Spearman ×10 · Battering Ram ×5 · Trebuchet (Packed) ×4
Mapa de la partida
Recursos iniciales + cada clic de construcción. Líneas = muros · curvas = relieve. ◆ oro · ⬟ piedra · ● bayas · ✦ reliquia · ◌ hueco del cierre
Tu base· Abierta — hueco de 14t
Base de felipegarcia92· Abierta — flanco sin cerrar
Base de city travel· Abierta — flanco sin cerrar
Base de vitavidal91· Abierta — flanco sin cerrar
Base de PAON· ✓ Cerrada en 29:08 · 0t muro · sin puerta
Base de GuilleLeopold17· Abierta — hueco de 13t
Base de PATO· Abierta — hueco de 12t
Base de LuizCz· Abierta — hueco de 5t
Terreno inicial suavizado · ◌ = hueco del cierre detectado · pasá el cursor para detalles
Inputs por minuto
— tatomagallanes - - felipegarcia92
Build order — tatomagallanes
Primeras 150 de 367 acciones detectadas
| 1:04 | Construir | Town Center |
| 3:32 | Construir | House |
| 3:34 | Encolar | Villager (Male) |
| 3:35 | Encolar | Villager (Male) |
| 4:15 | Encolar | Villager (Male) |
| 4:40 | Construir | Mill |
| 4:49 | Encolar | Villager (Male) |
| 5:25 | Investigar | Loom |
| 5:41 | Construir | House |
| 6:01 | Encolar | Villager (Male) |
| 6:25 | Construir | House |
| 6:34 | Encolar | Villager (Male) |
| 7:07 | Construir | House |
| 7:18 | Encolar | Villager (Male) |
| 7:49 | Construir | Palisade Wall |
| 7:54 | Encolar | Villager (Male) |
| 8:32 | Construir | Palisade Wall |
| 8:40 | Encolar | Villager (Male) |
| 8:41 | Encolar | Villager (Male) |
| 9:04 | Construir | Palisade Wall |
| 9:13 | Construir | Palisade Wall |
| 9:20 | Construir | Palisade Wall |
| 9:25 | Encolar | Villager (Male) |
| 9:47 | Construir | Palisade Wall |
| 10:26 | Construir | Barracks |
| 10:39 | Encolar | Villager (Male) |
| 10:40 | Encolar | Villager (Male) |
| 11:36 | Encolar | Villager (Male) |
| 12:06 | Encolar | Villager (Male) |
| 12:38 | Encolar | Villager (Male) |
| 13:58 | Investigar | Feudal Age |
| 13:58 | Investigar | Feudal Age |
| 14:19 | Construir | Mining Camp |
| 16:08 | Edad | Edad Feudal |
| 16:13 | Encolar | Villager (Male) |
| 16:13 | Encolar | Villager (Male) |
| 16:50 | Construir | Watch Tower |
| 17:25 | Construir | Archery Range |
| 17:46 | Construir | Palisade Wall |
| 17:58 | Construir | Palisade Wall |
| 18:26 | Encolar | Villager (Male) |
| 18:27 | Encolar | Villager (Male) |
| 18:31 | Encolar | Archer |
| 18:32 | Encolar | Archer |
| 19:17 | Encolar | Villager (Male) |
| 19:17 | Encolar | Villager (Male) |
| 19:24 | Construir | House |
| 20:01 | Construir | House |
| 20:04 | Encolar | Archer |
| 20:04 | Encolar | Archer |
| 20:29 | Construir | Farm |
| 20:31 | Construir | Farm |
| 20:33 | Encolar | Villager (Male) |
| 20:40 | Construir | Farm |
| 21:00 | Construir | Blacksmith |
| 22:50 | Encolar | Archer |
| 22:50 | Encolar | Archer |
| 23:32 | Construir | Watch Tower |
| 23:54 | Encolar | Archer |
| 24:10 | Construir | Farm |
| 24:12 | Construir | Farm |
| 25:14 | Encolar | Villager (Male) |
| 25:14 | Encolar | Villager (Male) |
| 25:15 | Encolar | Villager (Male) |
| 25:19 | Encolar | Archer |
| 25:52 | Investigar | Padded Archer Armor |
| 25:58 | Construir | Farm |
| 26:07 | Construir | Farm |
| 26:07 | Construir | Farm |
| 26:08 | Construir | Farm |
| 26:08 | Construir | Farm |
| 26:08 | Construir | Farm |
| 26:08 | Construir | Farm |
| 26:10 | Construir | Farm |
| 27:22 | Encolar | Archer |
| 27:29 | Encolar | Villager (Male) |
| 27:40 | Construir | Lumber Camp |
| 28:48 | Encolar | Spearman |
| 28:48 | Encolar | Spearman |
| 29:01 | Investigar | Scale Mail Armor |
| 29:09 | Encolar | Spearman |
| 29:46 | Encolar | Spearman |
| 32:07 | Construir | Farm |
| 32:41 | Encolar | Archer |
| 32:41 | Encolar | Archer |
| 32:41 | Encolar | Archer |
| 33:09 | Construir | Farm |
| 33:43 | Investigar | Castle Age |
| 34:22 | Encolar | Archer |
| 34:25 | Encolar | Archer |
| 34:27 | Encolar | Archer |
| 34:39 | Investigar | Fletching |
| 34:53 | Construir | Farm |
| 34:55 | Construir | Farm |
| 35:05 | Construir | House |
| 35:08 | Construir | House |
| 35:09 | Construir | House |
| 35:10 | Construir | House |
| 35:47 | Construir | Farm |
| 36:23 | Edad | Edad de los Castillos |
| 36:40 | Construir | Town Center |
| 36:48 | Encolar | Archer |
| 36:48 | Encolar | Archer |
| 37:00 | Construir | Castle |
| 37:37 | Encolar | Archer |
| 37:37 | Encolar | Archer |
| 37:42 | Encolar | Villager (Male) |
| 37:42 | Encolar | Villager (Male) |
| 37:42 | Encolar | Villager (Male) |
| 37:55 | Encolar | Villager (Male) |
| 37:55 | Encolar | Villager (Male) |
| 37:56 | Encolar | Villager (Male) |
| 38:05 | Investigar | Double-Bit Axe |
| 38:07 | Investigar | Horse Collar |
| 38:18 | Construir | Archery Range |
| 38:27 | Encolar | Archer |
| 38:32 | Investigar | Leather Archer Armor |
| 38:37 | Encolar | Villager (Male) |
| 38:37 | Encolar | Villager (Male) |
| 39:11 | Encolar | Villager (Male) |
| 39:11 | Encolar | Villager (Male) |
| 39:14 | Encolar | Villager (Male) |
| 39:42 | Encolar | Archer |
| 39:42 | Encolar | Archer |
| 39:42 | Encolar | Archer |
| 40:10 | Construir | Town Center |
| 40:22 | Construir | Farm |
| 40:30 | Construir | Market |
| 40:44 | Investigar | Crossbowman (upgrade) |
| 40:48 | Encolar | Archer |
| 40:48 | Encolar | Archer |
| 41:00 | Encolar | Villager (Male) |
| 41:09 | Construir | Farm |
| 41:10 | Construir | Farm |
| 41:18 | Encolar | Villager (Male) |
| 41:34 | Construir | Farm |
| 41:35 | Construir | Farm |
| 42:25 | Encolar | Trade Cart |
| 42:37 | Encolar | Shotel Warrior |
| 42:38 | Encolar | Shotel Warrior |
| 42:38 | Encolar | Shotel Warrior |
| 42:43 | Encolar | Villager (Male) |
| 42:44 | Encolar | Villager (Male) |
| 42:56 | Encolar | Archer |
| 42:56 | Encolar | Archer |
| 43:01 | Encolar | Villager (Male) |
| 43:09 | Encolar | Villager (Male) |
| 43:22 | Construir | Farm |
| 43:32 | Construir | Farm |
| 43:48 | Encolar | Villager (Male) |
Build order — felipegarcia92
Primeras 150 de 716 acciones detectadas
| 0:12 | Construir | Town Center |
| 2:30 | Construir | House |
| 3:00 | Encolar | Villager (Male) |
| 3:00 | Encolar | Villager (Male) |
| 3:01 | Encolar | Villager (Male) |
| 3:31 | Encolar | Villager (Male) |
| 4:46 | Encolar | Villager (Male) |
| 4:56 | Encolar | Villager (Male) |
| 4:56 | Encolar | Villager (Male) |
| 5:09 | Encolar | Villager (Male) |
| 5:53 | Encolar | Villager (Male) |
| 6:17 | Construir | House |
| 6:24 | Investigar | Loom |
| 6:26 | Encolar | Villager (Male) |
| 6:26 | Encolar | Villager (Male) |
| 6:26 | Encolar | Villager (Male) |
| 7:23 | Construir | Mill |
| 7:29 | Encolar | Villager (Male) |
| 7:29 | Encolar | Villager (Male) |
| 8:02 | Encolar | Villager (Male) |
| 8:22 | Encolar | Villager (Male) |
| 8:51 | Encolar | Villager (Male) |
| 8:51 | Encolar | Villager (Male) |
| 8:51 | Encolar | Villager (Male) |
| 9:04 | Construir | House |
| 9:19 | Encolar | Villager (Male) |
| 10:08 | Encolar | Villager (Male) |
| 10:09 | Encolar | Villager (Male) |
| 10:52 | Encolar | Villager (Male) |
| 10:53 | Encolar | Villager (Male) |
| 10:53 | Encolar | Villager (Male) |
| 10:53 | Encolar | Villager (Male) |
| 11:01 | Construir | House |
| 11:25 | Encolar | Villager (Male) |
| 11:25 | Encolar | Villager (Male) |
| 12:16 | Construir | Mining Camp |
| 12:59 | Investigar | Feudal Age |
| 13:00 | Investigar | Feudal Age |
| 13:40 | Construir | Mill |
| 13:48 | Construir | Mill |
| 14:05 | Construir | Barracks |
| 14:08 | Construir | House |
| 14:42 | Construir | Lumber Camp |
| 15:00 | Encolar | Villager (Male) |
| 15:00 | Encolar | Villager (Male) |
| 15:11 | Encolar | Militia |
| 15:11 | Encolar | Militia |
| 15:11 | Encolar | Militia |
| 15:32 | Edad | Edad Feudal |
| 15:38 | Construir | Stable |
| 15:55 | Construir | Blacksmith |
| 16:05 | Construir | House |
| 16:25 | Encolar | Villager (Male) |
| 16:26 | Encolar | Villager (Male) |
| 16:26 | Encolar | Villager (Male) |
| 16:39 | Construir | Farm |
| 16:39 | Construir | Farm |
| 17:02 | Encolar | Militia |
| 17:03 | Encolar | Militia |
| 17:13 | Construir | House |
| 17:31 | Construir | Farm |
| 17:47 | Investigar | Man-at-Arms (upgrade) |
| 18:11 | Encolar | Villager (Male) |
| 18:44 | Construir | Mill |
| 18:50 | Construir | House |
| 18:51 | Construir | House |
| 19:00 | Construir | Farm |
| 19:00 | Construir | Farm |
| 19:02 | Encolar | Villager (Male) |
| 19:04 | Encolar | Villager (Male) |
| 19:08 | Construir | Farm |
| 19:44 | Construir | Farm |
| 19:50 | Encolar | Villager (Male) |
| 20:33 | Construir | Farm |
| 20:35 | Investigar | Castle Age |
| 20:48 | Construir | Donjon |
| 21:39 | Encolar | Militia |
| 21:39 | Encolar | Militia |
| 21:39 | Encolar | Militia |
| 21:44 | Investigar | Scale Mail Armor |
| 21:44 | Investigar | Forging |
| 21:51 | Investigar | Double-Bit Axe |
| 22:18 | Encolar | Villager (Male) |
| 22:19 | Encolar | Villager (Male) |
| 22:24 | Encolar | Militia |
| 22:24 | Encolar | Militia |
| 22:36 | Construir | House |
| 22:39 | Construir | House |
| 22:41 | Construir | House |
| 23:15 | Edad | Edad de los Castillos |
| 23:20 | Encolar | Villager (Male) |
| 23:24 | Investigar | Squires |
| 23:32 | Investigar | Gold Mining |
| 23:37 | Investigar | Horse Collar |
| 23:46 | Encolar | Serjeant |
| 23:54 | Encolar | Villager (Male) |
| 24:01 | Construir | Town Center |
| 24:15 | Investigar | Chain Mail Armor |
| 24:36 | Encolar | Villager (Male) |
| 24:38 | Encolar | Villager (Male) |
| 25:07 | Encolar | Scout Cavalry |
| 25:09 | Encolar | Scout Cavalry |
| 25:11 | Encolar | Villager (Male) |
| 25:13 | Encolar | Villager (Male) |
| 25:37 | Construir | Farm |
| 25:43 | Encolar | Villager (Male) |
| 25:55 | Construir | Farm |
| 26:01 | Construir | Farm |
| 26:04 | Encolar | Villager (Male) |
| 26:06 | Encolar | Villager (Male) |
| 26:08 | Encolar | Villager (Male) |
| 26:24 | Construir | Farm |
| 26:30 | Construir | Farm |
| 26:43 | Encolar | Serjeant |
| 26:44 | Encolar | Serjeant |
| 26:44 | Encolar | Serjeant |
| 26:45 | Encolar | Militia |
| 27:29 | Encolar | Villager (Male) |
| 27:31 | Construir | Farm |
| 27:34 | Construir | Farm |
| 27:34 | Construir | Farm |
| 27:37 | Encolar | Villager (Male) |
| 27:39 | Encolar | Villager (Male) |
| 27:40 | Encolar | Villager (Male) |
| 27:40 | Encolar | Villager (Male) |
| 27:44 | Construir | Farm |
| 27:58 | Encolar | Villager (Male) |
| 28:00 | Construir | Farm |
| 28:19 | Construir | Farm |
| 28:29 | Construir | Farm |
| 28:34 | Encolar | Villager (Male) |
| 28:45 | Construir | Castle |
| 28:46 | Encolar | Serjeant |
| 28:47 | Encolar | Serjeant |
| 28:47 | Encolar | Serjeant |
| 28:58 | Encolar | Villager (Male) |
| 28:59 | Encolar | Villager (Male) |
| 29:04 | Construir | Farm |
| 29:09 | Encolar | Villager (Male) |
| 29:16 | Investigar | Wheelbarrow |
| 29:20 | Construir | House |
| 29:22 | Construir | House |
| 29:23 | Construir | House |
| 29:31 | Construir | Farm |
| 29:43 | Construir | Mill |
| 29:56 | Encolar | Serjeant |
| 29:56 | Encolar | Serjeant |
| 30:22 | Encolar | Knight |
| 30:22 | Encolar | Knight |
| 30:22 | Encolar | Knight |
Build order — city travel
Primeras 150 de 644 acciones detectadas
| 1:54 | Construir | Town Center |
| 2:12 | Construir | House |
| 3:23 | Construir | House |
| 4:03 | Investigar | Loom |
| 4:04 | Encolar | Villager (Male) |
| 4:04 | Encolar | Villager (Male) |
| 4:04 | Encolar | Villager (Male) |
| 4:04 | Encolar | Villager (Male) |
| 5:18 | Construir | Lumber Camp |
| 5:22 | Encolar | Villager (Male) |
| 6:44 | Encolar | Villager (Male) ×2 |
| 7:05 | Encolar | Villager (Male) |
| 7:06 | Encolar | Villager (Male) |
| 7:14 | Construir | House |
| 7:58 | Encolar | Villager (Male) |
| 7:58 | Encolar | Villager (Male) |
| 8:13 | Encolar | Villager (Male) |
| 8:13 | Encolar | Villager (Male) |
| 8:43 | Encolar | Villager (Male) |
| 8:43 | Encolar | Villager (Male) |
| 9:29 | Encolar | Villager (Male) |
| 9:29 | Encolar | Villager (Male) |
| 10:17 | Encolar | Villager (Male) |
| 10:17 | Encolar | Villager (Male) |
| 10:28 | Construir | House |
| 10:31 | Construir | House |
| 11:17 | Construir | Mill |
| 11:39 | Encolar | Villager (Male) |
| 12:05 | Investigar | Feudal Age |
| 12:32 | Encolar | Villager (Male) |
| 12:32 | Encolar | Villager (Male) |
| 12:58 | Construir | Mining Camp |
| 13:19 | Encolar | Villager (Male) |
| 13:20 | Encolar | Villager (Male) |
| 14:08 | Construir | House |
| 14:14 | Encolar | Villager (Male) |
| 14:15 | Edad | Edad Feudal |
| 14:22 | Construir | Blacksmith |
| 15:57 | Construir | Market |
| 16:01 | Encolar | Villager (Male) |
| 16:55 | Construir | Mining Camp |
| 17:01 | Encolar | Villager (Male) |
| 17:01 | Encolar | Villager (Male) |
| 17:59 | Encolar | Villager (Male) |
| 18:26 | Construir | Outpost |
| 18:30 | Encolar | Villager (Male) |
| 18:30 | Encolar | Villager (Male) |
| 18:40 | Construir | House |
| 18:47 | Construir | House |
| 18:51 | Construir | House |
| 19:10 | Construir | Stone Wall |
| 19:17 | Construir | Gate |
| 19:22 | Encolar | Villager (Male) |
| 19:33 | Construir | House |
| 20:00 | Construir | Stone Wall |
| 20:07 | Encolar | Villager (Male) |
| 20:07 | Encolar | Villager (Male) |
| 20:18 | Construir | Gate |
| 20:24 | Construir | Stone Wall |
| 20:47 | Encolar | Villager (Male) |
| 21:01 | Investigar | Castle Age |
| 21:09 | Construir | Barracks |
| 22:16 | Encolar | Militia |
| 22:16 | Encolar | Militia |
| 22:17 | Investigar | Man-at-Arms (upgrade) |
| 22:34 | Construir | Stone Wall |
| 22:39 | Encolar | Villager (Male) |
| 23:03 | Construir | Stone Wall |
| 23:12 | Construir | Stone Wall |
| 23:18 | Encolar | Villager (Male) |
| 23:24 | Encolar | Militia |
| 23:24 | Encolar | Militia |
| 23:24 | Encolar | Militia |
| 23:38 | Construir | Gate |
| 23:41 | Edad | Edad de los Castillos |
| 23:54 | Construir | Town Center |
| 24:22 | Encolar | Villager (Male) |
| 24:22 | Encolar | Villager (Male) |
| 24:22 | Encolar | Villager (Male) |
| 24:35 | Construir | Town Center |
| 24:39 | Construir | Farm |
| 24:39 | Construir | Farm |
| 24:40 | Construir | Farm |
| 24:40 | Construir | Farm |
| 24:50 | Construir | Siege Workshop |
| 25:04 | Construir | House |
| 25:06 | Construir | House |
| 25:26 | Construir | Gate |
| 25:42 | Construir | Stone Wall |
| 25:53 | Encolar | Villager (Male) |
| 26:09 | Encolar | Villager (Male) |
| 26:28 | Encolar | Villager (Male) |
| 26:54 | Construir | Lumber Camp |
| 26:57 | Encolar | Villager (Male) |
| 27:05 | Encolar | Villager (Male) |
| 27:24 | Construir | Gate |
| 27:30 | Construir | Stone Wall |
| 28:14 | Construir | Gate |
| 28:17 | Encolar | Mangonel |
| 28:36 | Construir | Stone Wall |
| 28:44 | Construir | Stone Wall |
| 28:53 | Encolar | Mangonel |
| 28:56 | Investigar | Wheelbarrow |
| 28:57 | Encolar | Villager (Male) |
| 29:22 | Construir | Mining Camp |
| 29:38 | Construir | Gate |
| 29:55 | Encolar | Villager (Male) |
| 30:09 | Encolar | Villager (Male) |
| 30:17 | Encolar | Villager (Male) |
| 30:25 | Construir | Mill |
| 30:41 | Construir | Stone Wall |
| 30:52 | Construir | University |
| 30:53 | Encolar | Villager (Male) |
| 30:54 | Encolar | Villager (Male) |
| 30:57 | Encolar | Villager (Male) |
| 30:57 | Encolar | Villager (Male) |
| 31:02 | Encolar | Villager (Male) |
| 31:03 | Encolar | Villager (Male) |
| 31:10 | Construir | Mill |
| 31:24 | Construir | Mill |
| 31:26 | Construir | Farm |
| 31:27 | Construir | Farm |
| 31:27 | Construir | Farm |
| 31:27 | Construir | Farm |
| 31:27 | Construir | Farm |
| 31:39 | Investigar | Fortified Wall (upgrade) |
| 31:49 | Encolar | Villager (Male) |
| 31:51 | Encolar | Villager (Male) |
| 32:01 | Construir | House |
| 32:02 | Construir | House |
| 32:04 | Construir | House |
| 32:35 | Construir | Stone Wall |
| 32:45 | Encolar | Villager (Male) |
| 32:50 | Encolar | Villager (Male) |
| 33:01 | Encolar | Villager (Male) |
| 33:02 | Encolar | Villager (Male) |
| 33:27 | Construir | Town Center |
| 33:31 | Encolar | Villager (Male) |
| 33:31 | Encolar | Villager (Male) |
| 33:34 | Encolar | Villager (Male) |
| 33:40 | Encolar | Villager (Male) |
| 33:59 | Construir | Gate |
| 34:16 | Construir | Stone Wall |
| 34:21 | Construir | Outpost |
| 34:24 | Encolar | Villager (Male) |
| 34:24 | Encolar | Villager (Male) |
| 34:30 | Encolar | Villager (Male) |
| 34:30 | Encolar | Villager (Male) |
| 34:32 | Investigar | Horse Collar |
| 34:37 | Encolar | Villager (Male) |
Build order — vitavidal91
Primeras 150 de 758 acciones detectadas
| 0:36 | Construir | Town Center |
| 2:50 | Encolar | Villager (Male) |
| 2:58 | Construir | House |
| 3:07 | Encolar | Villager (Male) |
| 3:48 | Encolar | Villager (Male) |
| 3:49 | Encolar | Villager (Male) |
| 4:13 | Encolar | Villager (Male) |
| 4:56 | Encolar | Villager (Male) |
| 5:15 | Construir | House |
| 5:23 | Encolar | Villager (Male) |
| 5:54 | Encolar | Villager (Male) |
| 6:05 | Encolar | Villager (Male) |
| 6:38 | Encolar | Villager (Male) |
| 6:48 | Encolar | Villager (Male) |
| 7:13 | Encolar | Villager (Male) |
| 7:18 | Construir | Mill |
| 7:20 | Encolar | Villager (Male) |
| 7:26 | Construir | House |
| 8:07 | Encolar | Villager (Male) |
| 8:30 | Encolar | Villager (Male) |
| 9:06 | Encolar | Villager (Male) |
| 9:18 | Construir | House |
| 9:21 | Construir | House |
| 9:27 | Encolar | Villager (Male) |
| 10:03 | Investigar | Loom |
| 10:15 | Construir | Lumber Camp |
| 10:43 | Investigar | Feudal Age |
| 11:05 | Construir | Barracks |
| 11:37 | Construir | Farm |
| 11:41 | Construir | Farm |
| 11:47 | Construir | Farm |
| 12:03 | Construir | House |
| 12:08 | Construir | House |
| 12:47 | Encolar | Villager (Male) |
| 12:53 | Edad | Edad Feudal |
| 12:59 | Construir | Stable |
| 13:06 | Encolar | Villager (Male) |
| 13:25 | Construir | Farm |
| 13:26 | Encolar | Villager (Male) |
| 13:40 | Encolar | Villager (Male) |
| 13:51 | Encolar | Scout Cavalry |
| 13:56 | Construir | Farm |
| 13:57 | Construir | Farm |
| 14:25 | Encolar | Scout Cavalry |
| 14:30 | Construir | Mining Camp |
| 14:34 | Encolar | Villager (Male) |
| 14:35 | Encolar | Villager (Male) |
| 14:57 | Encolar | Villager (Male) |
| 15:01 | Encolar | Scout Cavalry |
| 15:27 | Encolar | Villager (Male) |
| 15:54 | Encolar | Villager (Male) |
| 16:33 | Construir | Blacksmith |
| 16:38 | Construir | Mining Camp |
| 16:40 | Encolar | Villager (Male) |
| 17:19 | Encolar | Villager (Male) |
| 17:26 | Encolar | Villager (Male) |
| 17:32 | Encolar | Scout Cavalry |
| 18:00 | Investigar | Forging |
| 18:37 | Encolar | Villager (Male) |
| 18:37 | Encolar | Villager (Male) |
| 18:38 | Encolar | Villager (Male) |
| 18:43 | Construir | Mill |
| 18:44 | Construir | Farm |
| 18:44 | Construir | Farm |
| 18:45 | Construir | Farm |
| 18:45 | Construir | Farm |
| 18:45 | Construir | Farm |
| 18:45 | Construir | Farm |
| 18:46 | Construir | Farm |
| 19:12 | Construir | House |
| 19:14 | Construir | House |
| 19:15 | Construir | House |
| 19:15 | Construir | House |
| 19:52 | Encolar | Villager (Male) |
| 19:56 | Construir | Farm |
| 19:57 | Construir | Farm |
| 20:01 | Construir | Farm |
| 20:03 | Construir | Farm |
| 20:16 | Encolar | Villager (Male) |
| 20:40 | Encolar | Villager (Male) |
| 20:56 | Construir | Mill |
| 20:57 | Construir | Farm |
| 20:58 | Construir | Farm |
| 20:58 | Construir | Farm |
| 20:58 | Construir | Farm |
| 20:58 | Construir | Farm |
| 20:58 | Construir | Farm |
| 20:59 | Construir | Farm |
| 21:42 | Encolar | Villager (Male) |
| 22:20 | Construir | House |
| 22:22 | Encolar | Villager (Male) |
| 22:22 | Encolar | Villager (Male) |
| 22:32 | Construir | Farm |
| 22:43 | Investigar | Castle Age |
| 23:08 | Construir | House |
| 23:52 | Construir | House |
| 24:38 | Construir | House |
| 24:39 | Construir | House |
| 24:40 | Construir | House |
| 25:04 | Construir | Mining Camp |
| 25:24 | Construir | Mining Camp |
| 25:27 | Edad | Edad de los Castillos |
| 25:28 | Encolar | Villager (Male) |
| 25:30 | Encolar | Villager (Male) |
| 25:42 | Construir | Town Center |
| 26:12 | Encolar | Villager (Male) |
| 26:23 | Investigar | Stone Mining |
| 26:26 | Investigar | Double-Bit Axe |
| 26:29 | Investigar | Horse Collar |
| 26:38 | Encolar | Villager (Male) |
| 26:52 | Encolar | Villager (Male) |
| 26:53 | Encolar | Villager (Male) |
| 26:55 | Encolar | Villager (Male) |
| 26:55 | Encolar | Villager (Male) |
| 26:56 | Encolar | Villager (Male) |
| 26:56 | Encolar | Villager (Male) |
| 26:56 | Encolar | Villager (Male) |
| 27:10 | Encolar | Villager (Male) |
| 27:11 | Encolar | Villager (Male) |
| 27:16 | Encolar | Villager (Male) |
| 27:19 | Construir | Lumber Camp |
| 28:14 | Construir | University |
| 28:26 | Encolar | Spearman |
| 28:26 | Encolar | Spearman |
| 28:52 | Construir | Castle |
| 28:58 | Encolar | Villager (Male) |
| 29:01 | Encolar | Villager (Male) |
| 29:08 | Investigar | Wheelbarrow |
| 29:22 | Encolar | Villager (Male) |
| 29:22 | Encolar | Villager (Male) |
| 29:23 | Encolar | Villager (Male) |
| 29:23 | Encolar | Villager (Male) |
| 29:24 | Encolar | Villager (Male) |
| 29:24 | Encolar | Villager (Male) |
| 29:38 | Investigar | Treadmill Crane |
| 30:12 | Encolar | Longbowman |
| 30:12 | Encolar | Longbowman |
| 30:12 | Encolar | Longbowman |
| 30:18 | Construir | Mining Camp |
| 30:27 | Encolar | Longbowman |
| 30:28 | Encolar | Longbowman |
| 30:35 | Investigar | Ballistics |
| 30:39 | Investigar | Fletching |
| 30:42 | Investigar | Padded Archer Armor |
| 31:08 | Encolar | Villager (Male) |
| 31:09 | Encolar | Villager (Male) |
| 31:11 | Encolar | Villager (Male) |
| 31:11 | Encolar | Villager (Male) |
| 31:12 | Encolar | Villager (Male) |
| 31:19 | Encolar | Longbowman |
Build order — PAON
Primeras 150 de 596 acciones detectadas
| 2:35 | Construir | Town Center |
| 4:54 | Encolar | Villager (Male) |
| 4:55 | Investigar | Loom |
| 4:55 | Encolar | Villager (Male) |
| 4:55 | Encolar | Villager (Male) |
| 4:56 | Encolar | Villager (Male) |
| 4:56 | Encolar | Villager (Male) |
| 4:56 | Encolar | Villager (Male) |
| 5:01 | Construir | House |
| 5:02 | Construir | House |
| 5:03 | Construir | House |
| 5:08 | Construir | House |
| 5:09 | Construir | House |
| 5:11 | Construir | House |
| 5:12 | Construir | House |
| 5:58 | Encolar | Villager (Male) |
| 5:58 | Encolar | Villager (Male) |
| 6:46 | Encolar | Villager (Male) |
| 6:47 | Encolar | Villager (Male) |
| 7:50 | Encolar | Villager (Male) |
| 7:50 | Encolar | Villager (Male) |
| 9:06 | Construir | Mill |
| 9:37 | Encolar | Villager (Male) |
| 9:37 | Encolar | Villager (Male) |
| 9:38 | Encolar | Villager (Male) |
| 10:03 | Encolar | Villager (Male) |
| 10:04 | Encolar | Villager (Male) |
| 10:10 | Construir | Lumber Camp |
| 10:47 | Encolar | Villager (Male) |
| 11:11 | Construir | Mill |
| 11:14 | Encolar | Villager (Male) |
| 11:14 | Encolar | Villager (Male) |
| 12:38 | Encolar | Villager (Male) |
| 12:53 | Encolar | Villager (Male) |
| 12:54 | Encolar | Villager (Male) |
| 13:09 | Encolar | Villager (Male) |
| 13:50 | Encolar | Villager (Male) |
| 13:50 | Encolar | Villager (Male) |
| 13:51 | Encolar | Villager (Male) |
| 14:22 | Construir | Mill |
| 14:25 | Encolar | Villager (Male) |
| 14:26 | Encolar | Villager (Male) |
| 14:26 | Encolar | Villager (Male) |
| 15:05 | Encolar | Villager (Male) |
| 15:05 | Encolar | Villager (Male) |
| 15:06 | Encolar | Villager (Male) |
| 15:22 | Encolar | Villager (Male) |
| 16:00 | Construir | Farm |
| 16:03 | Construir | Farm |
| 16:11 | Construir | Farm |
| 16:16 | Construir | Farm |
| 16:46 | Investigar | Feudal Age |
| 17:34 | Construir | Barracks |
| 17:41 | Encolar | Villager (Male) |
| 17:41 | Encolar | Villager (Male) |
| 19:23 | Edad | Edad Feudal |
| 19:24 | Investigar | Double-Bit Axe |
| 19:24 | Investigar | Double-Bit Axe |
| 19:24 | Investigar | Double-Bit Axe |
| 19:24 | Investigar | Horse Collar |
| 19:24 | Investigar | Horse Collar |
| 19:26 | Encolar | Villager (Male) |
| 19:27 | Encolar | Villager (Male) |
| 19:27 | Encolar | Villager (Male) |
| 19:34 | Construir | Stable |
| 19:37 | Construir | Stable |
| 19:38 | Construir | Blacksmith |
| 19:54 | Construir | Farm |
| 19:55 | Construir | Farm |
| 19:56 | Construir | Farm |
| 19:59 | Encolar | Villager (Male) |
| 19:59 | Encolar | Villager (Male) |
| 20:22 | Construir | Mining Camp |
| 20:27 | Encolar | Scout Cavalry |
| 20:28 | Encolar | Scout Cavalry |
| 20:28 | Encolar | Scout Cavalry |
| 21:13 | Construir | Mill |
| 21:20 | Investigar | Forging |
| 21:20 | Investigar | Scale Barding Armor |
| 21:20 | Investigar | Scale Barding Armor |
| 21:22 | Encolar | Scout Cavalry |
| 21:23 | Encolar | Scout Cavalry |
| 21:51 | Encolar | Scout Cavalry |
| 21:51 | Encolar | Scout Cavalry |
| 22:00 | Encolar | Scout Cavalry |
| 22:10 | Construir | Farm |
| 22:11 | Construir | Farm |
| 22:12 | Construir | Farm |
| 22:13 | Construir | Farm |
| 22:14 | Construir | Farm |
| 22:15 | Construir | Farm |
| 22:17 | Encolar | Villager (Male) |
| 22:18 | Encolar | Villager (Male) |
| 22:30 | Encolar | Scout Cavalry |
| 22:30 | Encolar | Scout Cavalry |
| 23:07 | Encolar | Villager (Male) |
| 23:07 | Encolar | Villager (Male) |
| 23:10 | Encolar | Scout Cavalry |
| 23:10 | Encolar | Scout Cavalry |
| 23:47 | Encolar | Villager (Male) |
| 24:08 | Construir | Mill |
| 24:11 | Encolar | Villager (Male) |
| 24:26 | Encolar | Villager (Male) |
| 24:53 | Construir | Farm |
| 24:54 | Construir | Farm |
| 24:58 | Construir | Farm |
| 25:08 | Encolar | Villager (Male) |
| 25:08 | Encolar | Villager (Male) |
| 25:16 | Construir | Farm |
| 25:17 | Construir | Farm |
| 25:18 | Construir | Farm |
| 25:20 | Construir | Farm |
| 25:20 | Construir | Farm |
| 25:21 | Construir | Farm |
| 25:22 | Construir | Farm |
| 25:22 | Construir | Farm |
| 25:28 | Encolar | Villager (Male) |
| 25:29 | Encolar | Villager (Male) |
| 26:00 | Construir | Mill |
| 26:08 | Investigar | Castle Age |
| 26:08 | Investigar | Castle Age |
| 26:18 | Construir | Mining Camp |
| 26:23 | Encolar | Scout Cavalry |
| 26:23 | Encolar | Scout Cavalry |
| 26:25 | Investigar | Bloodlines |
| 26:25 | Investigar | Bloodlines |
| 26:29 | Encolar | Villager (Male) |
| 27:07 | Encolar | Villager (Male) |
| 27:54 | Encolar | Villager (Male) |
| 27:54 | Encolar | Villager (Male) |
| 28:42 | Construir | Farm |
| 28:43 | Construir | Farm |
| 28:44 | Construir | Farm |
| 29:08 | Edad | Edad de los Castillos |
| 29:55 | Encolar | Villager (Male) |
| 29:55 | Encolar | Villager (Male) |
| 30:01 | Investigar | Heavy Plow |
| 30:01 | Investigar | Bow Saw |
| 31:00 | Investigar | Iron Casting |
| 31:01 | Investigar | Chain Barding Armor |
| 31:10 | Construir | Monastery |
| 31:12 | Construir | University |
| 31:19 | Encolar | Villager (Male) |
| 31:48 | Construir | Town Center |
| 31:54 | Encolar | Villager (Male) |
| 31:54 | Encolar | Villager (Male) |
| 32:03 | Investigar | Imperial Age |
| 32:21 | Construir | House |
| 32:22 | Construir | House |
| 32:23 | Construir | House |
Build order — GuilleLeopold17
Primeras 150 de 297 acciones detectadas
| 1:22 | Construir | Town Center |
| 2:50 | Construir | House |
| 3:31 | Construir | Mill |
| 3:35 | Encolar | Villager (Male) |
| 3:35 | Encolar | Villager (Male) |
| 3:35 | Encolar | Villager (Male) |
| 3:36 | Encolar | Villager (Male) |
| 3:36 | Encolar | Villager (Male) |
| 4:05 | Construir | Mule Cart |
| 4:19 | Encolar | Villager (Male) |
| 4:19 | Encolar | Villager (Male) |
| 4:19 | Encolar | Villager (Male) |
| 5:02 | Encolar | Villager (Male) |
| 5:02 | Encolar | Villager (Male) |
| 5:39 | Encolar | Villager (Male) |
| 5:39 | Encolar | Villager (Male) |
| 6:02 | Encolar | Villager (Male) |
| 6:02 | Encolar | Villager (Male) |
| 6:36 | Construir | House |
| 6:37 | Construir | House |
| 6:41 | Investigar | Loom |
| 6:41 | Encolar | Villager (Male) |
| 6:42 | Encolar | Villager (Male) |
| 7:12 | Encolar | Villager (Male) |
| 7:13 | Encolar | Villager (Male) |
| 7:13 | Encolar | Villager (Male) |
| 7:28 | Encolar | Villager (Male) |
| 7:28 | Encolar | Villager (Male) |
| 7:49 | Construir | House |
| 7:50 | Construir | House |
| 7:50 | Construir | House |
| 8:24 | Encolar | Villager (Male) |
| 8:24 | Encolar | Villager (Male) |
| 8:24 | Encolar | Villager (Male) |
| 8:56 | Encolar | Villager (Male) |
| 8:56 | Encolar | Villager (Male) |
| 9:38 | Encolar | Villager (Male) |
| 9:38 | Encolar | Villager (Male) |
| 10:02 | Construir | House |
| 10:10 | Construir | Outpost |
| 10:18 | Encolar | Villager (Male) |
| 11:33 | Encolar | Villager (Male) |
| 12:33 | Construir | Mule Cart |
| 12:44 | Investigar | Feudal Age |
| 12:52 | Construir | Barracks |
| 13:00 | Construir | Barracks |
| 13:44 | Construir | House |
| 13:45 | Construir | House |
| 13:45 | Construir | House |
| 13:47 | Construir | House |
| 13:52 | Encolar | Militia |
| 13:52 | Encolar | Militia |
| 13:52 | Encolar | Militia |
| 13:53 | Encolar | Militia |
| 13:53 | Encolar | Militia |
| 14:08 | Encolar | Villager (Male) |
| 14:08 | Encolar | Villager (Male) |
| 14:54 | Edad | Edad Feudal |
| 14:57 | Investigar | Man-at-Arms (upgrade) |
| 15:06 | Encolar | Villager (Male) |
| 15:15 | Encolar | Militia |
| 15:55 | Construir | Mill |
| 16:03 | Investigar | Long Swordsman (upgrade) |
| 16:09 | Encolar | Militia |
| 16:09 | Encolar | Militia |
| 16:11 | Encolar | Villager (Male) |
| 16:11 | Encolar | Villager (Male) |
| 16:11 | Encolar | Villager (Male) |
| 16:26 | Construir | Outpost |
| 16:27 | Construir | Outpost |
| 16:30 | Construir | Outpost |
| 17:06 | Investigar | Town Watch |
| 17:10 | Encolar | Villager (Male) |
| 17:10 | Encolar | Villager (Male) |
| 17:16 | Construir | House |
| 17:16 | Construir | House |
| 17:17 | Construir | House |
| 17:21 | Encolar | Villager (Male) |
| 17:22 | Encolar | Villager (Male) |
| 17:22 | Encolar | Villager (Male) |
| 17:35 | Encolar | Militia |
| 17:35 | Encolar | Militia |
| 17:55 | Construir | Outpost |
| 18:03 | Construir | Outpost |
| 18:06 | Construir | Outpost |
| 18:26 | Construir | Mule Cart |
| 18:28 | Encolar | Villager (Male) |
| 18:28 | Encolar | Villager (Male) |
| 18:32 | Encolar | Militia ×3 |
| 18:41 | Investigar | Arson |
| 19:08 | Encolar | Militia ×2 |
| 19:08 | Encolar | Militia ×2 |
| 19:09 | Encolar | Militia ×2 |
| 19:31 | Encolar | Villager (Male) |
| 19:31 | Encolar | Villager (Male) |
| 20:05 | Encolar | Villager (Male) |
| 20:05 | Encolar | Villager (Male) |
| 20:38 | Construir | Outpost |
| 20:58 | Encolar | Militia ×5 |
| 20:58 | Encolar | Militia ×5 |
| 21:07 | Construir | House |
| 21:08 | Construir | House |
| 21:09 | Construir | House |
| 21:10 | Construir | House |
| 21:33 | Construir | House |
| 22:18 | Encolar | Militia ×5 |
| 22:19 | Encolar | Militia ×5 |
| 22:19 | Encolar | Militia ×5 |
| 22:25 | Encolar | Militia |
| 22:25 | Encolar | Militia |
| 22:25 | Encolar | Militia |
| 22:35 | Construir | Blacksmith |
| 23:37 | Investigar | Forging |
| 23:38 | Investigar | Scale Mail Armor |
| 23:50 | Construir | Market |
| 25:43 | Construir | Archery Range |
| 25:44 | Construir | Archery Range |
| 25:54 | Construir | Mule Cart |
| 26:03 | Investigar | Castle Age |
| 27:00 | Construir | Archery Range |
| 27:10 | Construir | Mule Cart |
| 27:32 | Encolar | Skirmisher ×5 |
| 27:32 | Encolar | Skirmisher ×5 |
| 28:15 | Construir | Mill |
| 28:43 | Edad | Edad de los Castillos |
| 28:49 | Encolar | Skirmisher |
| 28:49 | Encolar | Skirmisher |
| 28:50 | Encolar | Skirmisher |
| 29:00 | Encolar | Villager (Male) ×3 |
| 29:00 | Encolar | Villager (Male) ×3 |
| 29:15 | Construir | Castle |
| 30:23 | Encolar | Skirmisher |
| 30:23 | Encolar | Skirmisher |
| 30:24 | Encolar | Skirmisher |
| 30:24 | Encolar | Skirmisher |
| 30:50 | Construir | Castle |
| 32:07 | Construir | Mill |
| 32:27 | Encolar | Skirmisher ×4 |
| 33:14 | Encolar | Composite Bowman |
| 33:14 | Encolar | Composite Bowman |
| 33:14 | Encolar | Composite Bowman |
| 33:14 | Encolar | Composite Bowman |
| 33:15 | Encolar | Composite Bowman |
| 33:15 | Encolar | Composite Bowman |
| 33:38 | Investigar | Elite Skirmisher (upgrade) |
| 34:18 | Encolar | Villager (Male) |
| 34:20 | Encolar | Villager (Male) |
| 34:20 | Encolar | Villager (Male) |
| 34:21 | Encolar | Villager (Male) |
| 34:26 | Encolar | Skirmisher ×3 |
Build order — PATO
Primeras 150 de 384 acciones detectadas
| 0:54 | Construir | Town Center |
| 3:32 | Encolar | Villager (Male) |
| 3:32 | Encolar | Villager (Male) |
| 3:32 | Encolar | Villager (Male) |
| 3:33 | Encolar | Villager (Male) |
| 3:33 | Encolar | Villager (Male) |
| 4:17 | Construir | House |
| 4:36 | Investigar | Loom |
| 4:48 | Encolar | Villager (Male) |
| 4:48 | Encolar | Villager (Male) |
| 4:48 | Encolar | Villager (Male) |
| 4:58 | Construir | House |
| 5:15 | Encolar | Villager (Male) |
| 5:15 | Encolar | Villager (Male) |
| 5:47 | Construir | House |
| 5:58 | Construir | Mill |
| 6:05 | Encolar | Villager (Male) |
| 6:05 | Encolar | Villager (Male) |
| 6:19 | Encolar | Villager (Male) |
| 6:30 | Encolar | Villager (Male) |
| 6:56 | Encolar | Villager (Male) |
| 7:52 | Encolar | Villager (Male) |
| 8:06 | Encolar | Villager (Male) |
| 8:06 | Encolar | Villager (Male) |
| 8:12 | Construir | House |
| 8:25 | Encolar | Villager (Male) |
| 8:45 | Encolar | Villager (Male) |
| 8:45 | Encolar | Villager (Male) |
| 9:35 | Construir | Lumber Camp |
| 9:47 | Encolar | Villager (Male) |
| 9:48 | Encolar | Villager (Male) |
| 10:52 | Encolar | Villager (Male) |
| 10:52 | Encolar | Villager (Male) |
| 10:53 | Encolar | Villager (Male) |
| 12:35 | Investigar | Feudal Age |
| 12:51 | Construir | Mill |
| 13:24 | Construir | Barracks |
| 14:45 | Edad | Edad Feudal |
| 14:48 | Encolar | Villager (Male) |
| 14:48 | Encolar | Villager (Male) |
| 14:48 | Encolar | Villager (Male) |
| 14:49 | Encolar | Villager (Male) |
| 14:49 | Encolar | Villager (Male) |
| 14:49 | Encolar | Villager (Male) |
| 14:49 | Encolar | Villager (Male) |
| 14:50 | Encolar | Villager (Male) |
| 14:50 | Encolar | Villager (Male) |
| 15:01 | Construir | House |
| 15:02 | Construir | House |
| 15:03 | Construir | House |
| 15:24 | Construir | Stable |
| 15:47 | Investigar | Double-Bit Axe |
| 16:04 | Construir | House |
| 16:06 | Construir | House |
| 16:13 | Construir | House |
| 16:20 | Construir | Mining Camp |
| 16:31 | Encolar | Scout Cavalry |
| 16:31 | Encolar | Scout Cavalry |
| 16:31 | Encolar | Scout Cavalry |
| 16:32 | Encolar | Scout Cavalry |
| 16:32 | Encolar | Scout Cavalry |
| 16:32 | Encolar | Scout Cavalry |
| 16:45 | Construir | Blacksmith |
| 16:58 | Construir | Mining Camp |
| 17:03 | Construir | House |
| 17:04 | Construir | House |
| 17:23 | Encolar | Villager (Male) |
| 17:23 | Encolar | Villager (Male) |
| 17:48 | Construir | Mill |
| 17:53 | Investigar | Horse Collar |
| 18:29 | Construir | Market |
| 19:00 | Construir | Mill |
| 19:31 | Investigar | Wheelbarrow |
| 19:50 | Construir | Archery Range |
| 19:52 | Construir | Archery Range |
| 20:04 | Construir | Farm |
| 20:05 | Construir | Farm |
| 20:09 | Construir | Farm |
| 20:15 | Construir | Farm |
| 21:24 | Encolar | Archer |
| 21:24 | Encolar | Archer |
| 21:24 | Encolar | Archer |
| 22:02 | Encolar | Archer |
| 22:07 | Construir | Archery Range |
| 22:22 | Encolar | Archer |
| 22:33 | Investigar | Castle Age |
| 23:26 | Construir | Archery Range |
| 23:28 | Encolar | Archer |
| 23:37 | Investigar | Gold Mining |
| 23:47 | Investigar | Stone Mining |
| 23:52 | Encolar | Archer |
| 24:16 | Investigar | Fletching |
| 24:18 | Investigar | Padded Archer Armor |
| 24:30 | Encolar | Archer |
| 24:30 | Encolar | Archer |
| 24:55 | Encolar | Villager (Male) |
| 24:56 | Encolar | Villager (Male) |
| 24:56 | Encolar | Villager (Male) |
| 24:56 | Encolar | Villager (Male) |
| 24:56 | Encolar | Villager (Male) |
| 25:13 | Edad | Edad de los Castillos |
| 25:29 | Investigar | Crossbowman (upgrade) |
| 25:33 | Investigar | Bodkin Arrow |
| 25:43 | Encolar | Villager (Male) |
| 25:43 | Encolar | Villager (Male) |
| 25:50 | Construir | Town Center |
| 25:58 | Encolar | Archer ×2 |
| 25:58 | Encolar | Archer ×2 |
| 26:17 | Encolar | Archer |
| 26:18 | Encolar | Archer |
| 27:04 | Investigar | Leather Archer Armor |
| 27:10 | Encolar | Villager (Male) |
| 27:10 | Encolar | Villager (Male) |
| 27:16 | Investigar | Bow Saw |
| 27:30 | Construir | Town Center |
| 27:56 | Encolar | Villager (Male) |
| 28:05 | Construir | Farm |
| 28:07 | Construir | Farm |
| 28:12 | Construir | Farm |
| 28:52 | Encolar | Villager (Male) |
| 28:59 | Construir | Farm |
| 28:59 | Construir | Farm |
| 28:59 | Construir | Farm |
| 29:00 | Construir | Farm |
| 29:00 | Construir | Farm |
| 29:00 | Construir | Farm |
| 29:00 | Construir | Farm |
| 29:04 | Encolar | Villager (Male) |
| 33:04 | Construir | Mining Camp |
| 33:10 | Investigar | Thumb Ring |
| 33:14 | Encolar | Archer ×5 |
| 33:15 | Encolar | Archer ×5 |
| 33:39 | Investigar | Hand Cart |
| 33:41 | Investigar | Town Watch |
| 33:58 | Construir | Town Center |
| 34:09 | Construir | University |
| 34:12 | Construir | Monastery |
| 34:49 | Investigar | Heavy Plow |
| 35:05 | Construir | Farm |
| 35:06 | Construir | Farm |
| 35:31 | Encolar | Villager (Male) |
| 35:31 | Encolar | Villager (Male) |
| 35:31 | Encolar | Villager (Male) |
| 35:38 | Encolar | Villager (Male) |
| 35:38 | Encolar | Villager (Male) |
| 35:47 | Encolar | Villager (Male) |
| 35:47 | Encolar | Villager (Male) |
| 35:51 | Encolar | Villager (Male) |
| 35:51 | Encolar | Villager (Male) |
| 36:15 | Encolar | Archer ×5 |
Build order — LuizCz
Primeras 150 de 458 acciones detectadas
| 2:31 | Construir | Town Center |
| 3:54 | Construir | House |
| 4:34 | Encolar | Villager (Male) |
| 4:34 | Encolar | Villager (Male) |
| 4:35 | Encolar | Villager (Male) |
| 4:35 | Encolar | Villager (Male) |
| 4:41 | Investigar | Loom |
| 4:59 | Construir | House |
| 6:22 | Encolar | Villager (Male) |
| 6:23 | Encolar | Villager (Male) |
| 6:43 | Encolar | Villager (Male) |
| 6:44 | Encolar | Villager (Male) |
| 7:23 | Encolar | Villager (Male) |
| 7:23 | Encolar | Villager (Male) |
| 7:39 | Construir | House |
| 7:42 | Encolar | Villager (Male) |
| 8:08 | Encolar | Villager (Male) |
| 8:09 | Encolar | Villager (Male) |
| 8:36 | Construir | House |
| 8:45 | Construir | Palisade Wall |
| 8:59 | Encolar | Villager (Male) |
| 8:59 | Encolar | Villager (Male) |
| 9:31 | Encolar | Villager (Male) |
| 9:32 | Encolar | Villager (Male) |
| 9:52 | Construir | Lumber Camp |
| 10:16 | Encolar | Villager (Male) |
| 10:16 | Encolar | Villager (Male) |
| 10:16 | Encolar | Villager (Male) |
| 10:17 | Encolar | Villager (Male) |
| 10:49 | Construir | House |
| 11:27 | Construir | Mill |
| 11:38 | Construir | Mill |
| 11:45 | Encolar | Villager (Male) |
| 11:45 | Encolar | Villager (Male) |
| 11:45 | Encolar | Villager (Male) |
| 11:46 | Encolar | Villager (Male) |
| 12:42 | Construir | House |
| 12:43 | Construir | House |
| 12:51 | Construir | Palisade Wall |
| 12:57 | Construir | Palisade Gate |
| 13:02 | Construir | Palisade Wall |
| 13:16 | Construir | Farm |
| 13:18 | Construir | Farm |
| 13:19 | Construir | Farm |
| 13:22 | Encolar | Villager (Male) |
| 13:22 | Encolar | Villager (Male) |
| 13:23 | Encolar | Villager (Male) |
| 14:04 | Construir | Barracks |
| 14:12 | Construir | Palisade Wall |
| 14:16 | Encolar | Villager (Male) |
| 14:16 | Encolar | Villager (Male) |
| 14:16 | Encolar | Villager (Male) |
| 14:29 | Encolar | Villager (Male) |
| 14:29 | Encolar | Villager (Male) |
| 14:29 | Encolar | Villager (Male) |
| 15:07 | Investigar | Feudal Age |
| 15:07 | Investigar | Feudal Age |
| 15:26 | Construir | House |
| 15:32 | Construir | Palisade Wall |
| 15:54 | Construir | Palisade Wall |
| 15:57 | Construir | Palisade Wall |
| 16:08 | Construir | Palisade Gate |
| 16:23 | Construir | Farm |
| 16:25 | Construir | Farm |
| 16:26 | Construir | Farm |
| 16:27 | Construir | Farm |
| 17:00 | Construir | Mill |
| 17:09 | Construir | House |
| 17:10 | Construir | House |
| 17:17 | Edad | Edad Feudal |
| 17:45 | Encolar | Spearman |
| 17:45 | Encolar | Spearman |
| 17:46 | Encolar | Spearman |
| 20:02 | Encolar | Spearman |
| 20:02 | Encolar | Spearman |
| 20:47 | Construir | Watch Tower |
| 22:01 | Encolar | Spearman |
| 22:25 | Construir | Mining Camp |
| 24:11 | Construir | Watch Tower |
| 24:18 | Encolar | Villager (Male) |
| 24:18 | Encolar | Villager (Male) |
| 25:28 | Investigar | Wheelbarrow |
| 26:43 | Construir | Mining Camp |
| 27:25 | Encolar | Villager (Male) |
| 27:25 | Encolar | Villager (Male) |
| 27:25 | Encolar | Villager (Male) |
| 27:25 | Encolar | Villager (Male) |
| 27:26 | Encolar | Villager (Male) |
| 27:26 | Encolar | Villager (Male) |
| 27:26 | Encolar | Villager (Male) |
| 27:26 | Encolar | Villager (Male) |
| 27:27 | Encolar | Villager (Male) |
| 27:27 | Encolar | Villager (Male) |
| 27:27 | Encolar | Villager (Male) |
| 28:03 | Construir | House |
| 28:11 | Construir | Palisade Wall |
| 29:05 | Construir | Lumber Camp |
| 29:50 | Encolar | Villager (Male) |
| 29:50 | Encolar | Villager (Male) |
| 30:28 | Construir | Mining Camp |
| 30:36 | Encolar | Spearman |
| 30:37 | Encolar | Spearman |
| 30:37 | Encolar | Spearman |
| 30:37 | Encolar | Spearman |
| 31:51 | Construir | Lumber Camp |
| 32:07 | Encolar | Villager (Male) |
| 32:08 | Encolar | Villager (Male) |
| 32:27 | Investigar | Gold Mining |
| 32:30 | Investigar | Double-Bit Axe |
| 32:31 | Investigar | Double-Bit Axe |
| 33:21 | Construir | Lumber Camp |
| 34:53 | Construir | Blacksmith |
| 36:02 | Construir | Archery Range |
| 36:08 | Construir | Blacksmith |
| 37:56 | Construir | Lumber Camp |
| 39:01 | Construir | Town Center |
| 40:22 | Investigar | Castle Age |
| 40:22 | Investigar | Castle Age |
| 40:33 | Construir | Farm |
| 40:35 | Construir | Farm |
| 40:36 | Construir | Farm |
| 40:39 | Construir | Farm |
| 40:40 | Construir | Farm |
| 40:43 | Encolar | Villager (Male) |
| 40:43 | Encolar | Villager (Male) |
| 41:38 | Construir | House |
| 41:39 | Construir | House |
| 41:41 | Construir | House |
| 41:42 | Construir | House |
| 41:43 | Construir | House |
| 41:54 | Construir | House |
| 41:56 | Construir | House |
| 43:02 | Edad | Edad de los Castillos |
| 43:08 | Construir | Market |
| 43:11 | Encolar | Villager (Male) |
| 43:11 | Encolar | Villager (Male) |
| 43:11 | Encolar | Villager (Male) |
| 43:23 | Construir | Town Center |
| 43:50 | Construir | Castle |
| 43:54 | Encolar | Villager (Male) |
| 43:54 | Encolar | Villager (Male) |
| 43:54 | Encolar | Villager (Male) |
| 43:59 | Investigar | Hand Cart |
| 44:29 | Construir | House |
| 44:30 | Construir | House |
| 44:51 | Construir | Lumber Camp |
| 45:00 | Construir | Farm |
| 45:01 | Construir | Farm |
| 45:02 | Construir | Farm |
| 45:10 | Construir | Farm |
Cronología de la partida
| 7:49 | tatomagallanes · wall_segment Palisade Wall x3 |
| 8:32 | tatomagallanes · wall_segment Palisade Wall x3 |
| 8:45 | LuizCz · wall_segment Palisade Wall x3 |
| 9:04 | tatomagallanes · wall_segment Palisade Wall x1 |
| 9:13 | tatomagallanes · wall_segment Palisade Wall x1 |
| 9:20 | tatomagallanes · wall_segment Palisade Wall x1 |
| 9:47 | tatomagallanes · wall_segment Palisade Wall x4 |
| 10:26 | tatomagallanes · first_building Barracks |
| 11:05 | vitavidal91 · first_building Barracks |
| 12:51 | LuizCz · wall_segment Palisade Wall x6 |
| 12:52 | GuilleLeopold17 · first_building Barracks |
| 12:53 | vitavidal91 · age_up feudal |
| 12:59 | vitavidal91 · first_building Stable |
| 13:02 | LuizCz · wall_segment Palisade Wall x4 |
| 13:24 | PATO · first_building Barracks |
| 14:04 | LuizCz · first_building Barracks |
| 14:05 | felipegarcia92 · first_building Barracks |
| 14:12 | LuizCz · wall_segment Palisade Wall x8 |
| 14:15 | city travel · age_up feudal |
| 14:45 | PATO · age_up feudal |
| 14:54 | GuilleLeopold17 · age_up feudal |
| 15:24 | PATO · first_building Stable |
| 15:32 | LuizCz · wall_segment Palisade Wall x11 |
| 15:32 | felipegarcia92 · age_up feudal |
| 15:38 | felipegarcia92 · first_building Stable |
| 15:54 | LuizCz · wall_segment Palisade Wall x8 |
| 15:57 | LuizCz · wall_segment Palisade Wall x6 |
| 16:08 | tatomagallanes · age_up feudal |
| 17:17 | LuizCz · age_up feudal |
| 17:25 | tatomagallanes · first_building Archery Range |
| 17:34 | PAON · first_building Barracks |
| 17:46 | tatomagallanes · wall_segment Palisade Wall x4 |
| 17:58 | tatomagallanes · wall_segment Palisade Wall x3 |
| 19:10 | city travel · wall_segment Stone Wall x25 |
| 19:23 | PAON · age_up feudal |
| 19:34 | PAON · first_building Stable |
| 19:50 | PATO · first_building Archery Range |
| 20:00 | city travel · wall_segment Stone Wall x17 |
| 20:24 | city travel · wall_segment Stone Wall x10 |
| 20:48 | felipegarcia92 · first_building Donjon |
| 21:09 | city travel · first_building Barracks |
| 22:34 | city travel · wall_segment Stone Wall x34 |
| 23:03 | city travel · wall_segment Stone Wall x18 |
| 23:12 | city travel · wall_segment Stone Wall x8 |
| 23:15 | felipegarcia92 · age_up castle |
| 23:41 | city travel · age_up castle |
| 24:50 | city travel · first_building Siege Workshop |
| 25:13 | PATO · age_up castle |
| 25:27 | vitavidal91 · age_up castle |
| 25:42 | city travel · wall_segment Stone Wall x35 |
| 25:43 | GuilleLeopold17 · first_building Archery Range |
| 25:59 | GuilleLeopold17 · first_market_buy 100 food |
| 27:30 | city travel · wall_segment Stone Wall x5 |
| 28:11 | LuizCz · wall_segment Palisade Wall x7 |
| 28:36 | city travel · wall_segment Stone Wall x3 |
| 28:43 | GuilleLeopold17 · age_up castle |
| 28:44 | city travel · wall_segment Stone Wall x5 |
| 28:45 | felipegarcia92 · first_building Castle |
| 28:52 | vitavidal91 · first_building Castle |
| 29:08 | PAON · age_up castle |
| 29:15 | GuilleLeopold17 · first_building Castle |
| 30:41 | city travel · wall_segment Stone Wall x17 |
| 31:10 | PAON · first_building Monastery |
| 31:35 | city travel · first_market_buy 100 food |
| 32:18 | vitavidal91 · first_building Monastery |
| 32:35 | city travel · wall_segment Stone Wall x24 |
| 34:11 | PAON · first_building Castle |
| 34:12 | PATO · first_building Monastery |
| 34:16 | city travel · wall_segment Stone Wall x11 |
| 35:38 | PAON · age_up imperial |
| 36:02 | LuizCz · first_building Archery Range |
| 36:23 | tatomagallanes · age_up castle |
| 37:00 | tatomagallanes · first_building Castle |
| 37:03 | PAON · first_market_sell 100 food |
| 38:55 | city travel · wall_segment Stone Wall x28 |
| 39:08 | city travel · wall_segment Stone Wall x9 |
| 39:20 | city travel · wall_segment Stone Wall x16 |
| 40:00 | felipegarcia92 · first_building Monastery |
| 41:06 | PATO · age_up imperial |
| 41:21 | PATO · first_building Castle |
| 41:29 | city travel · wall_segment Stone Wall x10 |
| 42:34 | city travel · tribute_sent a jugador 1 |
| 42:34 | city travel · tribute_sent a jugador 3 |
| 42:34 | city travel · tribute_sent a jugador 4 |
| 42:34 | city travel · tribute_sent a jugador 5 |
| 42:34 | city travel · tribute_sent a jugador 6 |
| 42:34 | city travel · tribute_sent a jugador 7 |
| 42:34 | city travel · tribute_sent a jugador 8 |
| 42:38 | GuilleLeopold17 · first_building Monastery |
| 43:02 | LuizCz · age_up castle |
| 43:27 | vitavidal91 · age_up imperial |
| 43:28 | GuilleLeopold17 · first_building Siege Workshop |
| 43:50 | LuizCz · first_building Castle |
| 43:52 | city travel · wall_segment Stone Wall x30 |
| 43:58 | vitavidal91 · first_market_sell 100 food |
| 44:09 | city travel · age_up imperial |
| 45:36 | vitavidal91 · first_building Siege Workshop |
| 48:14 | city travel · wall_segment Stone Wall x2 |
| 48:21 | city travel · wall_segment Stone Wall x22 |
| 48:39 | PATO · first_building Siege Workshop |
| 50:52 | felipegarcia92 · age_up imperial |
| 51:15 | city travel · wall_segment Stone Wall x12 |
| 55:09 | city travel · first_market_sell 100 wood |
| 55:50 | tatomagallanes · age_up imperial |
| 56:23 | city travel · tribute_sent a jugador 1 |
| 56:23 | city travel · tribute_sent a jugador 3 |
| 56:23 | city travel · tribute_sent a jugador 4 |
| 56:23 | city travel · tribute_sent a jugador 5 |
| 56:23 | city travel · tribute_sent a jugador 6 |
| 56:23 | city travel · tribute_sent a jugador 7 |
| 56:23 | city travel · tribute_sent a jugador 8 |
| 57:04 | LuizCz · first_building Siege Workshop |
| 57:41 | city travel · first_building Castle |
| 57:56 | city travel · first_building Stable |
| 58:33 | city travel · wall_segment Stone Wall x30 |
| 58:49 | city travel · wall_segment Stone Wall x11 |
| 62:12 | LuizCz · age_up imperial |
| 67:45 | city travel · wall_segment Stone Wall x5 |
| 79:46 | GuilleLeopold17 · resign |
[ ANÁLISIS IA · 1 CRÉDITO ]
¿Qué pasó realmente en esta partida?
Wolo.gg analiza cada decisión: build order, eco, micro, errores típicos por bracket. Análisis personalizado por WhatsApp o Discord en 30 segundos.
Guía civ
Etíopes
Perfil
Jugador #18791477